 Dungeon Crawl Stone Soup version 0.26-a0-1147-g3780a7a11b (webtiles) character file.

Game seed: 9887629005429697913

87 melloss the Magician (level 4, -5/25 HPs)
             Began as a Deep Elf Fire Elementalist on Dec 22, 2020.
             Killed from afar by Sigmund (6 damage)
             ... with a puff of flame
             ... on level 2 of the Dungeon.
             The game lasted 00:04:52 (1564 turns).

melloss the Magician (Deep Elf Fire Elementalist)   Turns: 1564, Time: 00:04:53

Health: -5/25      AC:  2    Str:  5    XL:     4   Next: 28%
Magic:  8/11       EV: 13    Int: 21    God:
Gold:   61         SH:  0    Dex: 15    Spells: 9/10 levels left

rFire    . . .     SeeInvis .   c - +0 dagger
rCold    . . .     Faith    .   (no shield)
rNeg     . . .     Spirit   .   a - +0 robe
rPois    .         Reflect  .   (no helmet)
rElec    .         Harm     .   (no cloak)
rCorr    .         Rampage  .   (no gloves)
Will     .....                  (no boots)
Stlth    ++........             (no amulet)
HPRegen  0.08/turn              (no ring)
MPRegen  0.12/turn              (no ring)

@: no status effects
A: no striking features
a: no special abilities


You were on level 2 of the Dungeon.
You visited 1 branch of the dungeon, and saw 2 of its levels.

You collected 61 gold pieces.

Inventory:

Hand Weapons
 c - a +0 dagger (weapon)
Armour
 a - a +0 robe (worn)
Jewellery
 f - an uncursed ring of ice
Scrolls
 b - a scroll of remove curse
 d - a scroll of identify
 e - 2 scrolls of teleportation {unknown}
 g - a scroll of immolation {unknown}
 h - a scroll of blinking {unknown}


   Skills:
 + Level 1.1 Fighting
 - Level 2.4 Dodging
 - Level 2.4 Stealth
 + Level 3.8 Spellcasting
 - Level 3.3 Conjurations
 - Level 3.3 Fire Magic
 - Level 1.0 Ice Magic


You had 9 spell levels left.
You knew the following spells:

 Your Spells              Type           Power        Failure   Level
a - Foxfire               Conj/Fire      72%          3%          1

Your spell library contained the following spells:

 Spells                   Type           Power        Failure   Level
 Conjure Flame            Conj/Fire      18%          10%         3
 Animate Skeleton         Necr           8%           12%         1
 Apportation              Tloc           8%           12%         1
 Corona                   Hex            4%           12%         1
 Summon Small Mammal      Summ           16%          12%         1
 Inner Flame              Hex/Fire       11%          19%         3
 Sticky Flame             Conj/Fire      18%          30%         4
 Fireball                 Conj/Fire      9%           65%         5


Dungeon Overview and Level Annotations

Branches:
Dungeon (2/15)

Altars:

Annotations:
D:2 Sigmund


Message History

Press: ? - help, Q - select action Dir - look around, f - activate You conjure some foxfire!
Sigmund barely misses you.
Your foxfire dissipates!
The foxfire hits Sigmund.
Sigmund is lightly wounded.
Sigmund closely misses you.
Casting: Foxfire (safe; 3% risk of failure)
Press: ? - help, Q - select action Dir - look around, f - activate You conjure some foxfire!
The foxfire hits Sigmund!
Sigmund is moderately wounded.
The foxfire hits Sigmund.
Sigmund is heavily wounded.
Sigmund points at you and mumbles some strange words.
The puff of flame hits you.
* * * LOW HITPOINT WARNING * * *
Sigmund casts a spell at you. The puff of flame hits you.
You die...

......#...#...### #...........
..#...#####.....# #.$....g....
..##............#####...........
..##............##..............
...###.#.....)..#..#.<........##
.#.# #.####....## #####......#
..>. #....#########...(..#
##....#.#.#.#.#......#
#..)@..@รท)..).....####
#.#####.#.#.#.##.## ...
######### ... ..### ##.# .. .# .
#


You could see Sigmund.

Vanquished Creatures
  An adder (D:2)
  3 gnolls (D:2)
  An ooze (D:1)
  2 dart slugs
  4 leopard geckos
  7 bats
  A giant cockroach (D:1)
  4 hobgoblins
  2 jackals (D:1)
  2 kobolds (D:1)
  5 frilled lizards (D:1)
  3 goblins
  2 rats (D:1)
37 creatures vanquished.

Vanquished Creatures (others)
  124 foxfires
124 creatures vanquished.

Grand Total: 161 creatures vanquished

Notes
Turn   | Place    | Note
-------+----------+-------------------------------------------
     0 | D:1      | melloss the Deep Elf Fire Elementalist began the quest for
                  | the Orb.
     0 | D:1      | Reached XP level 1. HP: 10/10 MP: 6/6
   217 | D:1      | Reached XP level 2. HP: 15/15 MP: 4/8
   690 | D:1      | Reached XP level 3. HP: 19/19 MP: 6/9
  1218 | D:2      | Reached skill level 1 in Ice Magic
  1404 | D:2      | Reached skill level 1 in Fighting
  1404 | D:2      | Reached XP level 4. HP: 7/25 MP: 7/11
  1554 | D:2      | Noticed Sigmund
  1563 | D:2      | HP: 1/25 [Sigmund/puff of flame (6)]
  1564 | D:2      | Killed from afar by Sigmund

Illustrated notes

Levels and vault maps discovered:
D:1:      ebering_hopf_link, layout_loops_ring
D:2:      layout_rooms, grunt_gozag_statues, serial_aquarium,
          aquarium_bridge_square [aquarium_subvault_bridge,
          aquarium_subvault_balcony, aquarium_subvault_window,
          aquarium_subvault_wall], aquarium_window_2, aquarium_window_2,
          aquarium_view_2e, aquarium_view_4, aquarium_pool_2,
          minmay_misc_feat_hallway, uniq_crazy_yiuf_cottage, uniq_sigmund

Skill      XL: |  1  2  3 |
---------------+----------+-----
Conjurations   | 2 3 |  3.3
Ice Magic      | 1 |  1.0
Fighting       | 1 |  1.1
Dodging        | |  2.4
Stealth        | |  2.4
Spellcasting   | |  3.8
Fire Magic     | |  3.3

Action                   |  1- 3 |  4- 6 || total
-------------------------+-------+-------++-------
 Cast: Foxfire           |    76 |     7 ||    83
  Use: Scroll            |     2 |       ||     2
Armor: Robe              |     4 |       ||     4
Dodge: Dodged            |    11 |     4 ||    15

Table legend: (Time is in decaauts)
 A = Elapsed time spent in this place.
 B = Non-inter-level travel time spent in this place.
 C = Inter-level travel time spent in this place.
 D = Time resting spent in this place.
 E = Time spent auto-exploring this place.
 F = Levels seen in this place.
 G = Mean time per level.
                   A        B        C        D        E       F      G
               +--------+--------+--------+--------+--------+-----+--------+
         Total |   1561 |   1532 |     29 |    156 |   1032 |   2 |  780.5 |
       Dungeon |   1561 |   1532 |     29 |    156 |   1032 |   2 |  780.5 |
               +--------+--------+--------+--------+--------+-----+--------+

Top non-repeatable levels by time:
     D:1: 1187 daAuts
     D:2: 373 daAuts
